 Dungeon Crawl Stone Soup version 0.26-a0-21-gf97e55dc39 (webtiles) character file.

Game seed: 2421380830958678110, levelgen mode: deterministic

361 Mrkan the Skirmisher (level 6, -8/39 HPs)
             Began as a Gargoyle Fighter on May 26, 2020.
             Mangled by an ogre
             ... wielding a +0 giant spiked club
              (27 damage)
             ... on level 5 of the Dungeon.
             The game lasted 00:05:34 (3705 turns).

Mrkan the Skirmisher (Gargoyle Fighter)             Turns: 3705, Time: 00:05:34

Health: -8/39      AC: 17    Str: 22    XL:     6   Next: 66%
Magic:  6/6        EV:  4    Int:  8    God:
Gold:   158        SH:  9    Dex:  9    Spells: 5/5 levels left

rFire    . . .     SeeInvis .   a - +0 flail
rCold    . . .     Gourm    .   c - +0 kite shield
rNeg     + . .     Faith    .   l - +0 plate armour
rPois    ∞         Spirit   .   (no helmet)
rElec    +         Reflect  .   v - +0 cloak
rCorr    .         Harm     .   (no gloves)
MR       .....                  (no boots)
Stlth    ..........             (no amulet)
HPRegen  0.13/turn              (no ring)
MPRegen  0.10/turn              (no ring)

@: no status effects
A: negative energy resistance 1, electricity resistance, unbreathing,
petrification resistance, rot immunity, AC +4
a: no special abilities


You were on level 5 of the Dungeon.
You were not hungry.

You visited 1 branch of the dungeon, and saw 5 of its levels.

You collected 158 gold pieces.

Inventory:

Hand Weapons
 a - a +0 flail (weapon)
Missiles
 n - 20 poisoned darts (quivered)
Armour
 c - a +0 kite shield (worn)
 i - a +2 chain mail of fire resistance
 l - a +0 plate armour (worn)
 v - a +0 cloak (worn)
Jewellery
 r - an uncursed ring of protection from cold {unknown}
Scrolls
 b - 3 scrolls of random uselessness {unknown}
 e - a scroll of magic mapping {unknown}
 k - a scroll of fog {unknown}
 s - 4 scrolls of identify {unknown}
 t - a scroll of blinking {unknown}
 w - a scroll of enchant armour {unknown}
 x - a scroll of remove curse {unknown}
Potions
 d - 3 potions of might
 g - a potion of brilliance {unknown}
 h - a potion of haste {unknown}
 j - a potion of magic {unknown}
 m - 2 potions of curing {unknown}
 o - 2 potions of heal wounds {unknown}
 p - a potion of degeneration {unknown}
 u - a potion of mutation {unknown}
Comestibles
 f - 3 rations
 q - a chunk of flesh


   Skills:
 + Level 4.6 Fighting
 * Level 4.5 Maces & Flails
 + Level 4.5 Armour
 + Level 4.5 Shields


You had 5 spell levels left.
You didn't know any spells.
Your spell library was empty.

Dungeon Overview and Level Annotations

Branches:
Dungeon (5/15)
 Temple: D:4-7

Altars:
Okawaru
Sif Muna
Uskayaw

Annotations:
D:4 2 transporters


Innate Abilities, Weirdness & Mutations

You are resistant to torment.
Your stone body is resilient. (AC +4)
You are immune to poison.
You resist negative energy. (rN+)
You are resistant to electric shocks. (rElec)
You can survive without breathing.
You are immune to petrification.
You are immune to rotting.


Message History

The ogre shouts!
Found a ration.
There is an escape hatch in the ceiling here.
A phantom comes into view.
You hit the ogre but do no damage. The ogre barely misses you.
The phantom blinks!
Your plate armour prevents you from hitting the ogre.
The ogre hits you with a +0 giant spiked club!!
Ouch! That really hurt!
You hit the ogre.
The ogre is lightly wounded.
You block the ogre's attack.
Your plate armour prevents you from hitting the ogre.
The ogre is lightly wounded.
You block the ogre's attack.
The phantom blinks!
Your plate armour prevents you from hitting the ogre.
The ogre is lightly wounded.
The ogre hits you with a +0 giant spiked club!!
Ouch! That really hurt!
You die...

#.... #.%.. ####
#.W>.### .....
#......## _....
#.......#(.....
#.....=.#...^..
#.....§........
#.....O@#......
#######.<........
#.......#.#!.....
#................
#....÷<#.........
#................
#................
#......#.........
#......##.##..##


You could see a phantom and an ogre.

Vanquished Creatures
  2 hounds (D:4)
  A jelly (D:3)
  2 orc wizards (D:3)
  An iguana (D:4)
  6 adders
  2 adder skeletons (D:4)
  2 worms
  A dart slug (D:1)
  5 leopard geckos
  12 orcs
  2 ball pythons (D:2)
  4 giant cockroaches
  4 goblins
  5 hobgoblins
  7 jackals
  4 kobolds
  4 quokkas
  15 bats
  5 frilled lizards
  5 rats
89 creatures vanquished.

Vanquished Creatures (others)
  An orc wizard (D:3)
1 creature vanquished.

Grand Total: 90 creatures vanquished

Notes
Turn   | Place    | Note
-------+----------+-------------------------------------------
     0 | D:1      | Mrkan the Gargoyle Fighter began the quest for the Orb.
     0 | D:1      | Reached XP level 1. HP: 14/14 MP: 1/1
   122 | D:1      | Reached XP level 2. HP: 19/19 MP: 2/2
   715 | D:2      | Reached XP level 3. HP: 22/23 MP: 3/3
  1404 | D:2      | Reached XP level 4. HP: 27/29 MP: 4/4
  1634 | D:3      | Reached XP level 5. HP: 31/33 MP: 5/5
  2837 | D:4      | Found a hide-covered altar of Uskayaw.
  2837 | D:4      | Noticed a hippogriff
  2838 | D:4      | Reached XP level 6. HP: 39/39 MP: 6/6
  2845 | D:4      | Found an iron altar of Okawaru.
  3167 | D:4      | Found a transporter.
  3527 | D:4      | Found a transporter.
  3665 | D:5      | Entered Level 5 of the Dungeon
  3696 | D:5      | Found a shimmering blue altar of Sif Muna.
  3699 | D:5      | Noticed a phantom
  3705 | D:5      | Mangled by an ogre

Illustrated notes

Levels and vault maps discovered:
D:1:      dpeg_arrival_refuge, layout_rooms
D:2:      layout_loops_cross
D:3:      layout_loops_ring
D:4:      layout_basic, gammafunk_temple_overflow_arena, first_ration
D:5:      layout_rooms, overflow_temple_1_default, bloody_makhleb, uniq_pikel

Skill      XL: |  1  2  3  4  5 |
---------------+----------------+-----
Maces & Flails | 3 4 |  4.5
Fighting       | 4 |  4.6
Armour         | 4 |  4.5
Shields        | 4 |  4.5

Action                   |  1- 3 |  4- 6 || total
-------------------------+-------+-------++-------
Melee: Flail             |   189 |   294 ||   483
  Eat: Chunk             |     2 |     8 ||    10
Armor: Scale mail        |   107 |       ||   107
       Plate armour      |    77 |   211 ||   288
Dodge: Dodged            |    54 |    60 ||   114
Block: Kite shield       |   129 |   145 ||   274

Table legend:
 A = Non-vault XP
 B = Vault XP
 C = Vault XP percentage of total XP
 D = Non-vault monster count
 E = Vault monster count
 F = Vault count percentage of total count
                 A         B        C        D         E       F
            +---------+---------+-------+---------+---------+-------
      Total |     516 |       0 |   0.0 |      90 |       0 |   0.0
            +---------+---------+-------+---------+---------+-------
        D:1 |      31 |       0 |   0.0 |      16 |       0 |   0.0
        D:2 |      66 |       0 |   0.0 |      26 |       0 |   0.0
        D:3 |     216 |       0 |   0.0 |      28 |       0 |   0.0
        D:4 |     189 |       0 |   0.0 |      19 |       0 |   0.0
        D:5 |      14 |       0 |   0.0 |       1 |       0 |   0.0
            +---------+---------+-------+---------+---------+-------
